 Dungeon Crawl Stone Soup version 0.28-a0-268-g3f656e82c2 (webtiles) character file.

Game seed: 11837688331967667119

1117 GordonOverkill the Zephyrmancer (level 8, -1/36 HPs)
             Began as a Felid Necromancer on Aug 28, 2021.
             Succumbed to a water moccasin's poison
             ... on level 4 of the Dungeon.
             The game lasted 00:16:18 (12577 turns).

GordonOverkill the Zephyrmancer (FeNe)             Turns: 12577, Time: 00:16:18

Health: -1/36      AC:  2    Str:  4    XL:     8   Next: 12%
Magic:  0/17       EV: 17    Int: 18    God:
Gold:   174        SH:  0    Dex: 17    Spells: 9/17 levels left
                                        Lives:  0   Deaths: 2

rFire   . . .      SeeInvis +   (weapon unavailable)
rCold   . . .      Faith    .   (shield unavailable)
rNeg    . . .      Spirit   .   (armour unavailable)
rPois   .          Reflect  .   (helmet unavailable)
rElec   .          Harm     .   (cloak unavailable)
rCorr   .          Rampage  .   (gloves unavailable)
Will    +....                   (boots unavailable)
Stlth   ++........              (no amulet)
HPRegen 0.12/turn               (no ring)
MPRegen 0.15/turn               (no ring)

@: mighty, lethally poisoned (-1 -> -20), quick
A: very small, claws 1, fangs 3, see invisible, speed 1, shaggy fur 2, stealthy
paws, no weapons or thrown items, no armour, multi-lived
a: no special abilities


You were on level 4 of the Dungeon.
You visited 1 branch of the dungeon, and saw 5 of its levels.

You collected 174 gold pieces.

Inventory:

Jewellery
 c - a ring of protection from fire
 h - a +6 ring of dexterity
Wands
 f - a wand of flame (5)
 g - a wand of polymorph (19)
Scrolls
 d - 2 scrolls of identify
 i - a scroll of noise {unknown}
Potions
 e - a potion of might


   Skills:
 + Level 3.8 Fighting
 - Level 2.6 Dodging
 - Level 2.6 Stealth
 + Level 5.4 Spellcasting
 - Level 4.0 Necromancy
 + Level 8.2 Air Magic


You had 9 spell levels left.
You knew the following spells:

 Your Spells              Type           Power      Damage    Failure   Level
a - Pain                  Necr           76%        1d7       2%          1
b - Vampiric Draining     Necr           9%         2d7       8%          3
c - Airstrike             Air            17%        N/A       4%          4

Your spell library contained the following spells:

 Spells                   Type           Power      Damage    Failure   Level
 Swiftness                Air            34%        N/A       1%          3
 Animate Skeleton         Necr           38%        N/A       2%          1
 Shock                    Conj/Air       76%        1d7       2%          1
 Summon Lightning Spire   Summ/Air       19%        N/A       22%         4
 Animate Dead             Necr           9%         N/A       24%         4
 Tukima's Dance           Hex            4%         N/A       36%         3
 Lightning Bolt           Conj/Air       9%         1d22      54%         5
 Agony                    Necr           19%        N/A       56%         5
 Passage of Golubria      Tloc           N/A        N/A       77%         4
 Yara's Violent Unravell  Hex/Tmut       2%         3d3       98%         5
 Conjure Ball Lightning   Conj/Air       9%         3x3d6     98%         6
 Discord                  Hex            2%         N/A       100%        8
 Disjunction              Tloc           2%         N/A       100%        8


Dungeon Overview and Level Annotations

Branches:
Dungeon (5/15)
 Temple: D:4-7

Altars:
Cheibriados
Okawaru
Wu Jian

Shops:
D:5 *

Annotations:
D:3 1 runed translucent door, anet's ghost, amateur GnDe


Innate Abilities, Weirdness & Mutations

You have sharp claws.
You have razor-sharp teeth.
You have supernaturally acute eyesight. (SInv)
You cover ground quickly. (Speed+)
You are covered in thick fur. (AC +2)
Your paws help you pounce on unaware monsters.
You are incapable of wielding weapons or throwing items.
You cannot wear armour.
You gain extra lives every three experience levels.


Message History

The water moccasin completely misses you.
The water moccasin barely misses you. A mysterious force pulls you upwards.
The hatch slams shut behind you.
As you read the scroll of teleportation, it crumbles to dust.
You feel strangely unstable. The water moccasin bites you.
The water moccasin closely misses you.
Your surroundings seem slightly different.
Okay, then.
You feel very mighty all of a sudden. The water moccasin bites you. x2
* * * LOW HITPOINT WARNING * * *
Casting: Vampiric Draining (dangerous; 8% risk of failure)
Confirm with . or Enter, or press ? or * to list all spells.
The spell is quite dangerous to cast (4% risk of failure)!
Continue anyway? [Y]es or [N]o only, please.
The spell is quite dangerous to cast (4% risk of failure)!
Continue anyway?
Aiming: Airstrike (quite dangerous; 4% risk of failure)
Press: ? - help, Dir - move target, f - water moccasin
Aim: a water moccasin (empty space bonus: 6/8)
The air twists around and strikes the water moccasin!
The water moccasin is heavily wounded.
The water moccasin bites you!
* * * LOW HITPOINT WARNING * * *
You are poisoned.
The water moccasin poisons you!
Casting: Airstrike (quite dangerous; 4% risk of failure)
Confirm with . or Enter, or press ? or * to list all spells.
Aiming: Pain (safe; 2% risk of failure)
Press: ? - help, Shift-Dir - straight line, f/p - water moccasin
Aim: a water moccasin (heavily wounded, chance to affect: 78%)
The water moccasin writhes in agony.
You feel sick. The water moccasin bites you.
* * * LOW HITPOINT WARNING * * *
You are more poisoned.
The water moccasin poisons you!
Okay, then.
* * * LOW HITPOINT WARNING * * *
You feel very sick. The water moccasin closely misses you.
You die...

###.#.####.#<#.# #.....
#.....####.#.#.###....(
#.#........#.#.....####
#.#..###...#.#####.#
#.#....#.#.#....##.####
#.#.#.##.#.####.†..#...
#..<#.##.#.#########...
###....#.#>......).....
#.....@.S........###...
#................# #...
#................# #...
#.....)..........# #...
#................# #...
#.......########## #...
#.......# #...
#.......###############
#....................#


You could see a water moccasin.

Vanquished Creatures
  Pikel (D:4)
  Grinder (D:4)
  Sigmund (D:3)
  A water moccasin (D:5)
  Duvessa (D:4)
  A sky beast (D:5)
  Blork the orc (D:5)
  2 scorpions (D:4)
  Dowan (D:4)
  A water moccasin skeleton (D:5)
  2 bullfrog zombies (D:5)
  A centaur zombie (D:5)
  Crazy Yiuf (D:2)
  A centaur skeleton (D:4)
  An iguana (D:4)
  2 orc wizards (D:5)
  A hound skeleton (D:4)
  Robin (D:3)
  3 adders
  A shadow imp (D:5)
  An ufetubus (D:5)
  6 worms
  3 dart slugs
  3 orcs (D:5)
  7 ball pythons
  5 bats
  11 endoplasms
  A giant cockroach (D:3)
  12 goblins
  12 hobgoblins
  6 jackals
  4 quokkas
  7 frilled lizards
  2 kobolds (D:3)
  4 rats
109 creatures vanquished.

Notes
Turn   | Place    | Note
-------+----------+-------------------------------------------
     0 | D:1      | GordonOverkill the Felid Necromancer began the quest for
                  | the Orb.
     0 | D:1      | Reached XP level 1. HP: 7/7 MP: 4/4
   453 | D:1      | Reached skill level 1 in Fighting
   454 | D:1      | Reached XP level 2. HP: 3/12 MP: 1/6
  1121 | D:1      | You fall into a shaft and drop 1 floor!
  1636 | D:1      | Found a faded altar of an unknown god.
  1773 | D:1      | You fall into a shaft and drop 1 floor!
  2698 | D:2      | Reached XP level 3. HP: 15/16 MP: 6/8
  2720 | D:2      | Learned a level 3 spell: Vampiric Draining
  3428 | D:2      | Found a runed translucent door.
  3429 | D:2      | Noticed Crazy Yiuf
  3451 | D:2      | Killed Crazy Yiuf
  3452 | D:2      | Reached skill level 1 in Air Magic
  3452 | D:2      | Reached XP level 4. HP: 14/19 MP: 3/9
  5198 | D:3      | Found a runed translucent door.
  5204 | D:3      | Noticed anet's ghost (amateur GnDe)
  5295 | D:3      | Noticed Sigmund
  5635 | D:3      | Noticed Robin
  6175 | D:3      | Killed Robin
  6176 | D:3      | Reached XP level 5. HP: 24/24 MP: 3/11
  6247 | D:3      | Learned a level 4 spell: Airstrike
  6975 | D:4      | Found a snail-covered altar of Cheibriados.
  7468 | D:4      | Reached skill level 2 in Air Magic
  7712 | D:4      | Noticed Pikel
  7712 | D:4      | Noticed a lemure
  7847 | D:4      | Gained mutation: You are covered in thick fur. (AC +2)
                  | [Felid growth]
  7847 | D:4      | Reached XP level 6. HP: 22/28 MP: 5/13
  7916 | D:4      | Reached skill level 3 in Air Magic
  8088 | D:4      | Noticed Grinder
  8089 | D:4      | Paralysed by Grinder for 4 turns
  8198 | D:4      | Noticed Duvessa
  8199 | D:4      | Noticed Dowan
  8418 | D:3      | Killed Sigmund
  8419 | D:3      | Reached skill level 4 in Air Magic
  9129 | D:4      | Found an iron altar of Okawaru.
  9161 | D:4      | Slain by Grinder
  9162 | D:4      | Reached XP level 5. HP: 0/24 MP: 12/12
  9221 | D:4      | Killed Grinder
  9222 | D:4      | Reached skill level 5 in Air Magic
  9222 | D:4      | Reached XP level 6. HP: 24/28 MP: 13/13
  9461 | D:4      | Killed Pikel
  9462 | D:4      | Reached skill level 5 in Spellcasting
  9462 | D:4      | Reached skill level 6 in Air Magic
  9462 | D:4      | Reached XP level 7. HP: 31/31 MP: 1/15
  9581 | D:4      | Found an ornate altar of the Wu Jian Council.
  9622 | D:4      | Killed from afar by Duvessa
  9623 | D:4      | Reached XP level 6. HP: -3/28 MP: 3/14
  9631 | D:4      | Killed Duvessa
  9632 | D:4      | Reached skill level 7 in Air Magic
  9632 | D:4      | Reached XP level 7. HP: 23/31 MP: 10/15
  9740 | D:4      | Killed Dowan
 10065 | D:4      | Found a snail-covered altar of Cheibriados.
 10362 | D:4      | Found an iron altar of Okawaru.
 10364 | D:4      | Found an ornate altar of the Wu Jian Council.
 10578 | D:5      | Entered Level 5 of the Dungeon
 11594 | D:5      | Reached skill level 8 in Air Magic
 11783 | D:5      | Noticed Blork the orc
 12198 | D:5      | Killed Blork the orc
 12337 | D:5      | Reached XP level 8. HP: 34/34 MP: 7/16
 12548 | D:5      | Found Vinunabaomo's Serpentskin Sales.
 12577 | D:4      | Succumbed to a water moccasin's poison

Illustrated notes

Levels and vault maps discovered:
D:1:      lightli_arrival_farm, layout_rooms, dilly_ecumenical_altar_fadedgnrine
D:2:      layout_loops_ring, uniq_crazy_yiuf_cottage
D:3:      layout_basic, ebering_ghost_reflecting_pool, uniq_robin, uniq_sigmund
D:4:      layout_basic, cheibriados_altar_1,
          chequers_temple_overflow_statue_of_worship,
          chequers_serial_rivers_small_a, uniq_pikel, uniq_duvessa, uniq_grinder
D:5:      layout_cave_pools, guppyfry_shop_venom, uniq_blork_the_orc

Skill      XL: |  1  2  3  4  5  6  7 |
---------------+----------------------+-----
Fighting       | 1 2 3 |  3.8
Spellcasting   | 3 4 5 |  5.4
Air Magic      | 1 5 7 8 |  8.2
Dodging        | |  2.6
Stealth        | |  2.6
Necromancy     | |  4.0

Action                   |  1- 3 |  4- 6 |  7- 9 || total
-------------------------+-------+-------+-------++-------
Melee: Unarmed           |     1 |    54 |     5 ||    60
       Bite              |       |     1 |       ||     1
 Cast: Pain              |    89 |   111 |     5 ||   205
       Vampiric Draining |       |     9 |     2 ||    11
       Airstrike         |       |     5 |    35 ||    40
  Use: Scroll            |       |     7 |     1 ||     8
       Potion            |       |     9 |     2 ||    11
 Stab: Sleeping          |       |     3 |       ||     3
Armor: Skin              |       |    15 |     3 ||    18
Dodge: Dodged            |     4 |    84 |    17 ||   105

Table legend: (Time is in decaauts)
 A = Elapsed time spent in this place.
 B = Non-inter-level travel time spent in this place.
 C = Inter-level travel time spent in this place.
 D = Time resting spent in this place.
 E = Time spent auto-exploring this place.
 F = Levels seen in this place.
 G = Mean time per level.
                   A        B        C        D        E       F      G
               +--------+--------+--------+--------+--------+-----+--------+
         Total |  11698 |  11295 |    403 |   7441 |   2291 |   5 | 2339.6 |
       Dungeon |  11698 |  11295 |    403 |   7441 |   2291 |   5 | 2339.6 |
               +--------+--------+--------+--------+--------+-----+--------+

Top non-repeatable levels by time:
     D:4: 3419 daAuts
     D:3: 3269 daAuts
     D:1: 1909 daAuts
     D:2: 1741 daAuts
     D:5: 1357 daAuts
